 Dungeon Crawl Stone Soup version 0.17.2-2-g6415ff710d (webtiles) character file.

41 Goblin1989 the Skirmisher (level 3, -1/29 HPs)
             Began as a Demonspawn Abyssal Knight on Apr 21, 2020.
             Was a Follower of Lugonu.
             Slain by Ijyb
             ... wielding a +5 dagger of electrocution
              (4 damage)
             ... on level 2 of the Dungeon.
             The game lasted 00:02:46 (1292 turns).

Goblin1989 the Skirmisher (DsAK)                    Turns: 1292, Time: 00:02:46

Health: -1/29      AC:  5    Str: 13    XL:     3   Next: 32%
Magic:  5/5        EV: 11    Int: 13    God:    Lugonu [*.....]
Gold:   52         SH:  0    Dex: 15    Spells: 0 memorised, 2 levels left

rFire  . . .     SeeInvis .     a - +1 falchion
rCold  . . .     Clarity  .     j - +0 ring mail
rNeg   . . .     SustAt   .     (no shield)
rPois  .         Gourm    .     (helmet restricted)
rElec  .         Spirit   .     (no cloak)
rCorr  .         Warding  .     (no gloves)
rMut   .         Stasis   .     (no boots)
MR     .....                    (no amulet)
Stlth  +.........               (no ring)
                                g - +3 ring of dexterity

@: not resistant to hostile enchantments, very unstealthy
A: horns 1
a: Depart the Abyss, Renounce Religion


You were on level 2 of the Dungeon.
You worshipped Lugonu.
Lugonu was aware of your devotion.
You were not hungry.

You visited 1 branch of the dungeon, and saw 2 of its levels.
You visited the Abyss 1 time.

You collected 52 gold pieces.

Inventory:

Hand Weapons
 a - a +1 falchion (weapon)
Armour
 j - a +0 ring mail (worn)
Jewellery
 g - a +3 ring of dexterity (left hand)
Scrolls
 c - 2 scrolls of identify {unknown}
 h - 2 scrolls of immolation {unknown}
 i - a scroll of recharging {unknown}
Comestibles
 d - a beef jerky
 e - 2 bread rations {@e1}
 f - a meat ration {@e2}


   Skills:
 + Level 3.3 Fighting
 * Level 2.4 Long Blades
 + Level 2.1 Armour
 + Level 1.4 Dodging
 - Level 2.7 Invocations


You had 2 spell levels left.
You didn't know any spells.

Dungeon Overview and Level Annotations

Branches:
Dungeon (2/15)

Altars:

Annotations:
D:2 Ijyb


Innate Abilities, Weirdness & Mutations

You have a pair of small horns on your head.


Message History

No target in view!
No target in view!
No target in view!
No target in view!
No target in view!
No target in view!
No target in view!
No target in view!
No target in view!
No target in view!
No target in view!
No target in view!
No target in view!
No target in view!
No target in view!
No target in view!
You see here a ring mail.
j - a ring mail Wear which item? (? for menu, Esc to quit)
You can't wear that.
Unknown command.
Wear which item? (? for menu, Esc to quit)
You start removing your armour.
You continue taking off your +0 leather armour. x4
You finish taking off your +0 leather armour.
You start putting on your armour.
You continue putting on your ring mail.
You continue putting on your ring mail. x4
You finish putting on your +0 ring mail.
Unknown command.
Drop what? 10/52 slots (_ for help) (? for menu, Esc to quit)
You drop a +0 leather armour.
Really walk into a travel-excluded area?
Ijyb shouts!
Health restored: 29 You hit Ijyb.
You headbutt Ijyb, but do no damage.
Ijyb is lightly wounded.
Ijyb hits you with a dagger of electrocution.
You take 3 damage, and have 26/29 hp.
You hit Ijyb.
Ijyb is lightly wounded.
Ijyb hits you with a dagger of electrocution.
You are electrocuted!
* * * LOW HITPOINT WARNING * * *
You are too injured to fight recklessly!
You take 14 damage, and have 12/29 hp.
O_OOPS!!
MASSIVE DAMAGE!!
You are too injured to fight recklessly!
You are too injured to fight recklessly!
You are too injured to fight recklessly!
You are too injured to fight recklessly!
You are too injured to fight recklessly!
You are too injured to fight recklessly!
You are too injured to fight recklessly!
You are too injured to fight recklessly!
You are too injured to fight recklessly!
You are too injured to fight recklessly!
You are too injured to fight recklessly!
You are too injured to fight recklessly!
You are too injured to fight recklessly!
You are too injured to fight recklessly!
You are too injured to fight recklessly!
You are too injured to fight recklessly!
You are too injured to fight recklessly!
You hit Ijyb.
Ijyb is moderately wounded.
Ijyb misses you. Ijyb closely misses you.
You closely miss Ijyb. You headbutt Ijyb, but do no damage.
Ijyb is moderately wounded.
Ijyb hits you with a dagger of electrocution.
* * * LOW HITPOINT WARNING * * *
You take 3 damage, and have 9/29 hp.
You hit Ijyb. Your headbutt misses Ijyb.
Ijyb is moderately wounded.
Ijyb hits you with a dagger of electrocution.
* * * LOW HITPOINT WARNING * * *
You take 2 damage, and have 7/29 hp.
You closely miss Ijyb.
Ijyb is moderately wounded.
Ijyb closely misses you.
You miss Ijyb.
Ijyb is moderately wounded.
Ijyb hits you but does no damage.
You barely miss Ijyb.
Ijyb is moderately wounded.
Ijyb completely misses you.
Ijyb screams, "Die!"
Ijyb closely misses you.
You closely miss Ijyb.
Ijyb is moderately wounded.
Ijyb hits you with a dagger of electrocution.
* * * LOW HITPOINT WARNING * * *
You take 1 damage, and have 7/29 hp.
You miss Ijyb.
Ijyb is moderately wounded.
Ijyb hits you with a dagger of electrocution.
* * * LOW HITPOINT WARNING * * *
You take 4 damage, and have 3/29 hp.
You hit Ijyb. You headbutt Ijyb, but do no damage.
Ijyb is heavily wounded.
Ijyb hits you with a dagger of electrocution.
You die...

██. █. █▲█ █.
█.██████████.
█.█.....†....
██.█.███████..
██...>███████..
███.██████.[...██...██..
......g@................
███.████████.█†██...██.█
█.█.███████.█
█.█.███████.█
█.█.........█
█.███████████ █.█


████ █.███████ █ ... ███.......█ █. You could see Ijyb.

Vanquished Creatures
  An adder (D:1)
  A worm (D:1)
  7 bats
  4 goblins
  A hobgoblin (D:1)
  2 kobolds (D:1)
  A quokka (D:2)
  A ball python (D:1)
  3 giant cockroaches (D:1)
  A giant newt (D:1)
  6 rats
28 creatures vanquished.

Notes
Turn   | Place    | Note
--------------------------------------------------------------
     0 | Abyss:1  | Goblin1989 the Demonspawn Abyssal Knight began the quest for the Orb.
     0 | Abyss:1  | Reached XP level 1. HP: 18/18 MP: 2/2
    19 | Abyss:1  | Noticed a small abomination
    20 | D:1      | Escaped the Abyss
    50 | D:1      | Reached skill level 1 in Dodging
    79 | D:1      | Reached * piety under Lugonu
   168 | D:1      | Gained mutation: You have a pair of small horns on your head. [demonic ancestry]
   168 | D:1      | Reached XP level 2. HP: 4/24 MP: 3/3
   779 | D:1      | Reached XP level 3. HP: 29/29 MP: 5/5
  1256 | D:2      | Noticed Ijyb
  1292 | D:2      | Slain by Ijyb

Action                   || total
-------------------------++-------
Melee: Falchion          ||    75
Invok: Depart the Abyss  ||     1
 Stab: Sleeping          ||     1
  Eat: Chunk             ||     1

Vault maps used:
D:1:      dpeg_arrival_rooms_c
D:2:      uniq_iyjb
Abyss:1:  minivault_4
